 Dungeon Crawl Stone Soup version 0.22-a0-303-g4a852b3 (webtiles) character file.

18 Amnesiac the Magician (level 2, 0/16 HPs)
             Began as a Deep Elf Wizard on Mar 27, 2018.
             Slain by a jackal (3 damage)
             ... on level 1 of the Dungeon.
             The game lasted 00:00:55 (736 turns).

Amnesiac the Magician (Deep Elf Wizard)              Turns: 736, Time: 00:00:56

Health: 0/16       AC:  2    Str:  4    XL:     2   Next: 48%
Magic:  0/9        EV: 13    Int: 22    God:
Gold:   52         SH:  0    Dex: 13    Spells: 9/10 levels left

rFire    . . .     SeeInvis .   (no weapon)
rCold    . . .     Gourm    .   (no shield)
rNeg     . . .     Faith    .   a - +0 robe
rPois    .         Spirit   .   b - +0 hat
rElec    .         Reflect  .   (no cloak)
rCorr    .         Harm     .   (no gloves)
MR       .....                  (no boots)
Stlth    ++........             (no amulet)
HPRegen  0.05/turn              (no ring)
MPRegen  0.11/turn              (no ring)

@: no status effects
A: no striking features
a: no special abilities


You were on level 1 of the Dungeon.
You were not hungry.

You visited 1 branch of the dungeon, and saw 1 of its levels.

You collected 52 gold pieces.

Inventory:

Armour
 a - a +0 robe (worn)
 b - a +0 hat (worn)
Scrolls
 e - a scroll of remove curse {!r, unknown}
 f - a scroll of magic mapping {!r, unknown}
 g - 3 scrolls of identify {!r, unknown}
 l - a scroll of teleportation {!r, unknown}
Potions
 c - a potion of flight {!q, unknown}
 h - a potion of brilliance {!q, unknown}
 j - a potion of heal wounds {!q, unknown}
 k - a potion of agility {!q, unknown}
Comestibles
 d - 2 rations


   Skills:
 + Level 0.7 Fighting
 - Level 2.4 Dodging
 - Level 2.4 Stealth
 - Level 4.5 Spellcasting
 * Level 2.3 Conjurations
   Level 1.1 Summonings
   Level 1.1 Translocations


You had 9 spell levels left.
You knew the following spells:

 Your Spells              Type           Power        Failure   Level  Hunger
a - Magic Dart            Conj           ###.         4%          1    None


Dungeon Overview and Level Annotations

Branches:
Dungeon (1/15)

Altars:


Message History

The jackal barely misses you.
The jackal bites you but does no damage.
Casting: Magic Dart (safe; 4% risk of failure)
Confirm with . or Enter, or press ? or * to list all spells.
Aiming: Magic Dart (safe; 4% risk of failure)
Press: ? - help, Shift-Dir - straight line, f/p - jackal
Aim: a jackal (heavily wounded)
The magic dart hits the jackal.
The jackal is severely wounded.
The jackal misses you. x2; The jackal closely misses you.
Casting: Magic Dart (safe; 4% risk of failure)
Confirm with . or Enter, or press ? or * to list all spells.
You don't have enough magic to cast that spell.
You closely miss the jackal.
The jackal is severely wounded.
The jackal barely misses you. The jackal closely misses you.
The jackal misses you.
Casting: Magic Dart (safe; 4% risk of failure)
Confirm with . or Enter, or press ? or * to list all spells.
You don't have enough magic to cast that spell.
You miss the jackal. The jackal barely misses you. x3
You closely miss the jackal.
The jackal is heavily wounded.
The jackal bites you. The jackal closely misses you. x2
Casting: Magic Dart (safe; 4% risk of failure)
Confirm with . or Enter, or press ? or * to list all spells.
You don't have enough magic to cast that spell.
You completely miss the jackal.
The jackal is moderately wounded.
The jackal closely misses you. x2
Casting: Magic Dart (safe; 4% risk of failure)
Confirm with . or Enter, or press ? or * to list all spells.
You don't have enough magic to cast that spell.
You hit the jackal but do no damage.
The jackal is moderately wounded.
The jackal barely misses you. The jackal bites you.
* * * LOW HITPOINT WARNING * * *
The jackal closely misses you.
Casting: Magic Dart (safe; 4% risk of failure)
Confirm with . or Enter, or press ? or * to list all spells.
You don't have enough magic to cast that spell.
You hit the jackal.
The jackal is heavily wounded.
The jackal closely misses you. The jackal bites you.
* * * LOW HITPOINT WARNING * * *
The jackal bites you.
* * * LOW HITPOINT WARNING * * *
Casting: Magic Dart (safe; 4% risk of failure)
Confirm with . or Enter, or press ? or * to list all spells.
You don't have enough magic to cast that spell.
You closely miss the jackal.
The jackal is heavily wounded.
The jackal closely misses you. The jackal barely misses you. x2
Casting: Magic Dart (safe; 4% risk of failure)
Confirm with . or Enter, or press ? or * to list all spells.
Aiming: Magic Dart (safe; 4% risk of failure)
Press: ? - help, Shift-Dir - straight line, f/p - jackal
Aim: a jackal (heavily wounded)
The magic dart hits the jackal.
You kill the jackal!
The jackal barely misses you.
A jackal is nearby!
The jackal bites you.
You die...

*#..............>* **,,,***,*
#...............* *(,(*,***
##...............* **,**,h,,
.................* *'*,,,,,
##........)######* *(,,***,
..........####### ***** *,
##..(..)........# *******,
#.........####h########**,,,,,,,
#.........# #.@....†.#*,,,,,,,,
#.........# ########......,,,,,
#..)......# **#....,,,,,
##.......## *,...,,,,, ##.....##
*,,,.,,,,, ####### *,,,,,,,,,
*,,,,,,,,, **,,,,(,,, **,,,,,**


You could see a jackal.

Vanquished Creatures
  A leopard gecko (D:1)
  2 bats (D:1)
  2 goblins (D:1)
  2 hobgoblins (D:1)
  3 jackals (D:1)
  2 kobolds (D:1)
  A rat (D:1)
13 creatures vanquished.

Notes
Turn   | Place    | Note
-------+----------+-------------------------------------------
     0 | D:1      | Amnesiac the Deep Elf Wizard began the quest for the Orb.
     0 | D:1      | Reached XP level 1. HP: 10/10 MP: 7/7
    99 | D:1      | Reached XP level 2. HP: 16/16 MP: 0/9
   736 | D:1      | Slain by a jackal

Vault maps used:
D:1:      minmay_arrival_shattered_statue

Skill      XL: |  1  2 |
---------------+-------+-----
Conjurations   | 2 |  2.3
Fighting       | |  0.7
Dodging        | |  2.4
Stealth        | |  2.4
Spellcasting   | |  4.5
Summonings     | |  1.1
Translocations | |  1.1

Action                   || total
-------------------------++-------
Melee: Unarmed           ||    11
 Cast: Magic Dart        ||    36
Armor: Robe              ||     1
Dodge: Dodged            ||    31

Table legend:
 A = Spawn XP
 B = Non-spawn XP
 C = Spawn XP percentage of total XP
 D = Spawn monster count
 E = Non-spawn monster count
 F = Spawn count percentage of total count
 G = Total turns spent on level
                    A         B        C        D         E        F      G
               +---------+---------+-------+---------+---------+-------+---------
         Total |       0 |      26 |   0.0 |       0 |      13 |   0.0 |   736
               +---------+---------+-------+---------+---------+-------+---------
           D:1 |       0 |      26 |   0.0 |       0 |      13 |   0.0 |   736
               +---------+---------+-------+---------+---------+-------+---------
